[Event "10th LCC FIDE Open 2018"]
[Site "London"]
[Date "2018.12.15"]
[Round "7"]
[White "Rushbrooke, Remy"]
[Black "Czopor, Maciej"]
[Result "0-1"]
[ECO "D00"]
[WhiteElo "1909"]
[BlackElo "2164"]
[Annotator "NA"]
[PlyCount "102"]
[EventDate "2018.12.09"]
[EventType "swiss"]
[EventCountry "ENG"]
[SourceTitle "playchess.com"]
[Source "ChessBase"]
[SourceQuality "1"]
[TimeControl "40/5400+30:1800+30"]

1. d4 Nf6 2. Bg5 d5 3. Bxf6 gxf6 4. e3 c5 5. dxc5 e6 6. Qh5 Bxc5 7. Nc3 f5 8. O-O-O Qe7 9. Nf3 Nc6 10. Nd4 Nxd4 11. exd4 Bb4 12. Qf3 Bd7 13. Ne2 O-O-O 14. Nf4 Kb8 15. Kb1 Bd6 16. h4 Rc8 17. Bd3 Bc6 18. g3 Qd7 19. Qe2 Qc7 20. Qd2 Qb6 21. c3 Qc7 22. Rhg1 Bd7 23. Rde1 b5 24. Rc1 a5 25. Qe2 Qb6 26. Qh5 Be8 27. Qh6 Qc7 28. Nxe6 fxe6 29. Qxe6 Bc6 30. Bxf5 Rhf8 31. Bd3 Rxf2 32. Rcf1 Bxg3 33. Rxf2 Bxf2 34. Rf1 Bxh4 35. Rf7 Qg3 36. Bxb5 Qg6+ 37. Qxg6 hxg6 38. Bxc6 Rxc6 39. Rd7 g5 40. Rxd5 Rg6 41. Rd8+ Kc7 42. Rh8 Bf2 43. Rh2 Be3 44. Kc2 g4 45. Kd3 g3 46. Rg2 Bf2 47. Ke2 Re6+ 48. Kf3 Re3+ 49. Kf4 Re2 50. b4 a4 51. c4 Rxa2 0-1

[Event "10th LCC FIDE Open 2018"]
[Site "London"]
[Date "2018.12.15"]
[Round "8"]
[White "Istratescu, Andrei"]
[Black "Ghasi, Ameet K"]
[Result "1/2-1/2"]
[ECO "B07"]
[WhiteElo "2564"]
[BlackElo "2498"]
[Annotator "ChessBase"]
[PlyCount "138"]
[EventDate "2018.12.09"]
[EventType "swiss"]
[EventCountry "ENG"]
[SourceTitle "playchess.com"]
[Source "ChessBase"]
[SourceQuality "1"]
[TimeControl "40/5400+30:1800+30"]

1. e4 d6 2. d4 Nf6 3. f3 c5 4. d5 e6 5. c4 exd5 6. cxd5 Be7 7. Nc3 O-O 8. Be3 Ne8 9. f4 Bf6 10. Nge2 Nc7 11. Qd2 Nd7 12. Ng3 Re8 13. Be2 Bxc3 14. bxc3 Nf6 15. Bf3 h5 16. h4 Bg4 17. Kf2 Qd7 18. a4 b5 19. f5 Re7 20. Bg5 Nce8 21. axb5 Qxb5 22. Rhb1 Qd7 23. Ra6 Re5 24. Kg1 Kh7 25. c4 Rc8 26. Qb2 Re7 27. Bf4 Qd8 28. Qc3 Rb8 29. Re1 Rb6 30. Rxb6 Qxb6 31. Bxg4 Nxg4 32. Nxh5 Qb4 33. Qxb4 cxb4 34. c5 dxc5 35. d6 Rd7 36. e5 b3 37. e6 fxe6 38. fxe6 Rxd6 39. Bxd6 Nxd6 40. Nf4 Nf6 41. g4 Nxg4 42. Nd5 c4 43. e7 Nf6 44. Nxf6+ gxf6 45. Kf2 Kg6 46. Ke3 Kf7 47. Kd2 f5 48. Kc3 Ne4+ 49. Kxc4 b2 50. Kd4 Kxe7 51. Rb1 Nd2 52. Rxb2 Nf3+ 53. Kd5 Nxh4 54. Ke5 Ng6+ 55. Kxf5 Nf8 56. Ra2 Nd7 57. Ra6 Nc5 58. Rh6 a5 59. Ke5 Nd7+ 60. Kd5 Nf6+ 61. Kc5 a4 62. Rh4 a3 63. Ra4 Ke6 64. Kd4 a2 65. Rxa2 Kf5 66. Ra1 Ke6 67. Ra5 Nd7 68. Rh5 Nf6 69. Re5+ Kd6 1/2-1/2

[Event "10th LCC FIDE Open 2018"]
[Site "London"]
[Date "2018.12.15"]
[Round "8"]
[White "Mirzoyan, Davit T."]
[Black "Stoyanov, Viktor"]
[Result "1-0"]
[ECO "D66"]
[WhiteElo "2382"]
[BlackElo "2205"]
[Annotator "NA"]
[PlyCount "103"]
[EventDate "2018.12.09"]
[EventType "swiss"]
[EventCountry "ENG"]
[SourceTitle "playchess.com"]
[Source "ChessBase"]
[SourceQuality "1"]
[TimeControl "40/5400+30:1800+30"]

1. d4 d5 2. c4 c6 3. Nf3 Nf6 4. Nc3 e6 5. Bg5 Nbd7 6. e3 h6 7. Bh4 Be7 8. Rc1 O-O 9. Bd3 Re8 10. O-O a6 11. Bg3 Nf8 12. Qe2 Nh5 13. Be5 dxc4 14. Bxc4 Ng6 15. Rfd1 Nf6 16. Bg3 Qa5 17. Bd3 Nf8 18. Ne5 N8d7 19. Nc4 Qd8 20. a4 Nb6 21. e4 Nxc4 22. Bxc4 Qa5 23. Bf4 Bf8 24. Rd3 Qh5 25. Qd2 Qa5 26. Re1 b5 27. Bb3 Bb7 28. e5 Nd5 29. Bxh6 gxh6 30. Nxd5 Qxd2 31. Nf6+ Kh8 32. Rxd2 Bb4 33. Red1 Bxd2 34. Nxe8 Bb4 35. Nf6 Rd8 36. Ne4 Kh7 37. Nc5 Bxc5 38. dxc5 Rxd1+ 39. Bxd1 Kg6 40. Bc2+ Kg5 41. g3 f5 42. h4+ Kg6 43. Kg2 a5 44. g4 Bc8 45. Kg3 b4 46. Kf4 h5 47. f3 Bd7 48. gxf5+ exf5 49. Bb3 Bc8 50. Bc4 Bd7 51. e6 Bc8 52. Ke5 1-0

[Event "10th LCC FIDE Open 2018"]
[Site "London"]
[Date "2018.12.15"]
[Round "8"]
[White "Gschnitzer, Adrian"]
[Black "Villiers, Thomas"]
[Result "0-1"]
[ECO "C10"]
[WhiteElo "2374"]
[BlackElo "2205"]
[Annotator "NA"]
[PlyCount "64"]
[EventDate "2018.12.09"]
[EventType "swiss"]
[EventCountry "ENG"]
[SourceTitle "playchess.com"]
[Source "ChessBase"]
[SourceQuality "1"]
[TimeControl "40/5400+30:1800+30"]

1. e4 e6 2. d4 d5 3. Nd2 dxe4 4. Nxe4 Nd7 5. g3 Ngf6 6. Nxf6+ Nxf6 7. Bg2 Be7 8. Nf3 O-O 9. O-O c5 10. b3 cxd4 11. Nxd4 e5 12. Nf3 e4 13. Nd4 Bg4 14. Qd2 Qd7 15. Bb2 Rad8 16. Rfe1 Bc5 17. c3 Rfe8 18. Rac1 Bb6 19. Re3 Bf5 20. Qe1 Ng4 21. Re2 Ne5 22. Nxf5 Nd3 23. Rd1 Nxe1 24. Rxd7 Rxd7 25. Rxe1 Rd2 26. Rb1 Bxf2+ 27. Kf1 e3 28. Nd4 e2+ 29. Nxe2 Rexe2 30. Bf3 Rxb2 31. Bxe2 Rxb1+ 32. Kxf2 Rb2 0-1

[Event "10th LCC FIDE Open 2018"]
[Site "London"]
[Date "2018.12.15"]
[Round "8"]
[White "Mihajlov, Sebastian"]
[Black "Sumit, Kumar"]
[Result "1-0"]
[ECO "E12"]
[WhiteElo "2358"]
[BlackElo "2179"]
[Annotator "NA"]
[PlyCount "53"]
[EventDate "2018.12.09"]
[EventType "swiss"]
[EventCountry "ENG"]
[SourceTitle "playchess.com"]
[Source "ChessBase"]
[SourceQuality "1"]
[TimeControl "40/5400+30:1800+30"]

1. d4 Nf6 2. c4 e6 3. Nf3 b6 4. a3 Ba6 5. Qc2 Bb7 6. Nc3 c5 7. e4 cxd4 8. Nxd4 Bc5 9. Nb3 Nc6 10. Nxc5 bxc5 11. Bd3 O-O 12. O-O d6 13. Rb1 Rc8 14. f3 Qe7 15. Qf2 Nd7 16. Be3 Nce5 17. Be2 Nb6 18. b3 f5 19. exf5 d5 20. f6 gxf6 21. Bh6 Rfd8 22. f4 Ng6 23. Rbe1 d4 24. Bg4 Rd6 25. Nb5 Re8 26. f5 Ne5 27. Rxe5 1-0

[Event "10th LCC FIDE Open 2018"]
[Site "London"]
[Date "2018.12.15"]
[Round "8"]
[White "Lyell, Mark"]
[Black "Ogunshola, Ben"]
[Result "1/2-1/2"]
[ECO "B07"]
[WhiteElo "2317"]
[BlackElo "2172"]
[Annotator "ChessBase"]
[PlyCount "116"]
[EventDate "2018.12.09"]
[EventType "swiss"]
[EventCountry "ENG"]
[SourceTitle "playchess.com"]
[Source "ChessBase"]
[SourceQuality "1"]
[TimeControl "40/5400+30:1800+30"]

1. e4 d6 2. Nc3 Nf6 3. f4 g6 4. Nf3 Bg7 5. Bc4 Nxe4 6. Bxf7+ Kxf7 7. Nxe4 Rf8 8. c3 Kg8 9. d4 e6 10. Qb3 Qe8 11. O-O h6 12. Bd2 Nd7 13. Rae1 Nf6 14. Nxf6+ Rxf6 15. d5 Qf7 16. c4 exd5 17. cxd5 c5 18. h3 b6 19. Bc3 Rxf4 20. Bxg7 Kxg7 21. Qc3+ Kg8 22. g3 Rf5 23. Nh4 Rxf1+ 24. Rxf1 Qxd5 25. Nxg6 Qd4+ 26. Qxd4 cxd4 27. Rf6 Ba6 28. Rxd6 d3 29. Nf4 Rc8 30. Nxd3 Bxd3 31. Rxd3 Rc2 32. Rb3 Kg7 33. Rb5 Kg6 34. g4 Rd2 35. a4 Rc2 36. b3 Rd2 37. Kh1 Re2 38. Kg1 Rd2 39. b4 Rb2 40. h4 Kf6 41. Kf1 Kg6 42. h5+ Kf6 43. Rf5+ Ke6 44. Rb5 Kf6 45. Kg1 Ke6 46. Kh1 Kf6 47. a5 bxa5 48. Rf5+ Ke6 49. bxa5 Rb4 50. Rf8 Rxg4 51. Ra8 Rh4+ 52. Kg2 Rxh5 53. Rxa7 Kd6 54. Kf3 Re5 55. Kf4 Re1 56. Ra6+ Kc7 57. Rxh6 Kb7 58. Rb6+ Ka7 1/2-1/2

[Event "10th LCC FIDE Open 2018"]
[Site "London"]
[Date "2018.12.15"]
[Round "8"]
[White "Wu, Li"]
[Black "Russell, Christopher"]
[Result "1-0"]
[ECO "D36"]
[WhiteElo "2317"]
[BlackElo "2169"]
[Annotator "NA"]
[PlyCount "89"]
[EventDate "2018.12.09"]
[EventType "swiss"]
[EventCountry "ENG"]
[SourceTitle "playchess.com"]
[Source "ChessBase"]
[SourceQuality "1"]
[TimeControl "40/5400+30:1800+30"]

1. d4 e6 2. Nf3 Nf6 3. c4 d5 4. Nc3 Be7 5. cxd5 exd5 6. Bg5 O-O 7. e3 Nbd7 8. Bd3 c6 9. Qc2 Re8 10. h3 Nf8 11. O-O-O Ne4 12. Bf4 Nxc3 13. Qxc3 Be6 14. Kb1 Rc8 15. g4 b5 16. Qd2 a5 17. Rdg1 Qb6 18. h4 Bb4 19. Qd1 a4 20. h5 a3 21. b3 c5 22. dxc5 Qxc5 23. Nd4 Bd7 24. Bf5 Bc3 25. f3 Ne6 26. Bxe6 Bxe6 27. h6 g6 28. Bg5 Bxd4 29. exd4 Qc3 30. Rh2 b4 31. Rc2 Qxc2+ 32. Qxc2 Rxc2 33. Kxc2 Rc8+ 34. Kd2 Kf8 35. Rc1 Rb8 36. Rc7 Ke8 37. Ke3 Rb6 38. Re7+ Kf8 39. Kf4 Rc6 40. Ke5 Rc2 41. Kd6 Rc8 42. Rb7 Re8 43. Be7+ Kg8 44. Rxb4 Bc8 45. g5 1-0

[Event "10th LCC FIDE Open 2018"]
[Site "London"]
[Date "2018.12.15"]
[Round "8"]
[White "Van Zyl-Rudd, Jack"]
[Black "Johnson, Daniel"]
[Result "1/2-1/2"]
[ECO "D36"]
[WhiteElo "2306"]
[BlackElo "2111"]
[Annotator "ChessBase"]
[PlyCount "101"]
[EventDate "2018.12.09"]
[EventType "swiss"]
[EventCountry "ENG"]
[SourceTitle "playchess.com"]
[Source "ChessBase"]
[SourceQuality "1"]
[TimeControl "40/5400+30:1800+30"]

1. d4 d5 2. c4 e6 3. Nc3 Be7 4. Nf3 Nf6 5. cxd5 exd5 6. Bg5 c6 7. Qc2 O-O 8. e3 Ne4 9. Bxe7 Qxe7 10. Bd3 f5 11. O-O Be6 12. Rab1 a5 13. a3 Nd7 14. Ne2 Rfc8 15. Rfc1 g6 16. Nf4 Bf7 17. Bf1 Nd6 18. Nd3 Nc4 19. Nd2 Nxd2 20. Qxd2 Kg7 21. Nc5 Nf6 22. Bd3 b6 23. Na4 Nd7 24. Rc2 Qd6 25. Rbc1 Rc7 26. Nc3 Raa7 27. h3 Nf6 28. Na4 Nd7 29. Qc3 Be8 30. Qd2 b5 31. Nc3 Nf6 32. Ne2 b4 33. axb4 axb4 34. Nf4 Rcb7 35. f3 Ra2 36. Bf1 b3 37. Rc5 Rb6 38. Nd3 Ra4 39. Ne5 Ra2 40. Qc3 Qe6 41. Ra5 Rxa5 42. Qxa5 Rb7 43. Qa6 Qe7 44. Rc3 f4 45. exf4 Nh5 46. Nxc6 Bxc6 47. Qxc6 Nxf4 48. g3 Nh5 49. Kf2 Nf6 50. Re3 Qf7 51. Bd3 1/2-1/2

[Event "10th LCC FIDE Open 2018"]
[Site "London"]
[Date "2018.12.15"]
[Round "8"]
[White "Abbas, Daniel"]
[Black "Jyothilal, N.."]
[Result "1-0"]
[ECO "B52"]
[WhiteElo "2280"]
[BlackElo "2078"]
[Annotator "NA"]
[PlyCount "85"]
[EventDate "2018.12.09"]
[EventType "swiss"]
[EventCountry "ENG"]
[SourceTitle "playchess.com"]
[Source "ChessBase"]
[SourceQuality "1"]
[TimeControl "40/5400+30:1800+30"]

1. e4 c5 2. Nf3 d6 3. Bb5+ Bd7 4. c4 Nc6 5. Nc3 g6 6. d4 cxd4 7. Nxd4 Bg7 8. Be3 Nf6 9. h3 O-O 10. O-O a6 11. Bxc6 bxc6 12. c5 Rb8 13. Qe2 Qc7 14. cxd6 exd6 15. Rfd1 Rfe8 16. Qc2 c5 17. Nde2 Nxe4 18. Nxe4 Rxb2 19. Qd3 Rxe2 20. Qxe2 Bxa1 21. Nxd6 Re6 22. Nxf7 Bf6 23. Nh6+ Kg7 24. Ng4 Rd6 25. Nxf6 Rxd1+ 26. Qxd1 Kxf6 27. Qf3+ Kg7 28. Qd5 Qc6 29. Qe5+ Qf6 30. Bh6+ Kf7 31. Qxc5 Qe7 32. Qd4 Kg8 33. Bd2 Qf7 34. Bc3 Kf8 35. Qd6+ Qe7 36. Qxa6 Qe6 37. Qa8+ Be8 38. Qa3+ Kg8 39. Qa7 Qd7 40. Qc5 Qd1+ 41. Kh2 Qd7 42. Qe5 h5 43. a4 1-0

[Event "10th LCC FIDE Open 2018"]
[Site "London"]
[Date "2018.12.15"]
[Round "8"]
[White "Merriman, John"]
[Black "Bezuidenhout, Roland"]
[Result "1/2-1/2"]
[ECO "E46"]
[WhiteElo "2261"]
[BlackElo "2145"]
[Annotator "NA"]
[PlyCount "33"]
[EventDate "2018.12.09"]
[EventType "swiss"]
[EventCountry "ENG"]
[SourceTitle "playchess.com"]
[Source "ChessBase"]
[SourceQuality "1"]
[TimeControl "40/5400+30:1800+30"]

1. d4 Nf6 2. c4 e6 3. Nc3 Bb4 4. e3 O-O 5. Nge2 Re8 6. a3 Bf8 7. d5 exd5 8. cxd5 d6 9. g3 c6 10. Bg2 cxd5 11. O-O Nc6 12. Nf4 Bg4 13. f3 Be6 14. Nfxd5 Nxd5 15. Nxd5 Ne7 16. Nc3 d5 17. Qd2 1/2-1/2

[Event "10th LCC FIDE Open 2018"]
[Site "London"]
[Date "2018.12.15"]
[Round "8"]
[White "Ghukasyan, Siranush"]
[Black "Menzies, Colin"]
[Result "1/2-1/2"]
[ECO "B20"]
[WhiteElo "2245"]
[BlackElo "2132"]
[Annotator "NA"]
[PlyCount "32"]
[EventDate "2018.12.09"]
[EventType "swiss"]
[EventCountry "ENG"]
[SourceTitle "playchess.com"]
[Source "ChessBase"]
[SourceQuality "1"]
[TimeControl "40/5400+30:1800+30"]

1. e4 c5 2. Nf3 Nf6 3. Nc3 d5 4. exd5 Nxd5 5. Nxd5 Qxd5 6. d4 cxd4 7. Qxd4 Qxd4 8. Nxd4 a6 9. Be3 e5 10. Nb3 Be6 11. Nc5 Bxc5 12. Bxc5 Nd7 13. Bd6 Rc8 14. Bd3 f6 15. Ba3 Nc5 16. Be2 Kf7 1/2-1/2

[Event "10th LCC FIDE Open 2018"]
[Site "London"]
[Date "2018.12.15"]
[Round "8"]
[White "Rocco, Federico"]
[Black "Seymour, Timothy P"]
[Result "1-0"]
[ECO "C60"]
[WhiteElo "2244"]
[BlackElo "2080"]
[Annotator "ChessBase"]
[PlyCount "115"]
[EventDate "2018.12.09"]
[EventType "swiss"]
[EventCountry "ENG"]
[SourceTitle "playchess.com"]
[Source "ChessBase"]
[SourceQuality "1"]
[TimeControl "40/5400+30:1800+30"]

1. e4 e5 2. Nf3 Nc6 3. Bb5 g6 4. O-O Bg7 5. c3 a6 6. Ba4 Nge7 7. d4 exd4 8. cxd4 O-O 9. d5 Na5 10. Nc3 d6 11. Re1 b5 12. Bc2 Bb7 13. Be3 Nc4 14. Bc1 Rc8 15. Nd2 Nb6 16. Nb3 Nc4 17. Bd3 c6 18. dxc6 Rxc6 19. Bxc4 Rxc4 20. Bg5 h6 21. Bh4 b4 22. Qd3 Rc7 23. Na4 Bc6 24. Nb6 Bb5 25. Qd2 g5 26. Bg3 Rc6 27. Nd5 Nxd5 28. exd5 Rc4 29. Rac1 Rxc1 30. Rxc1 Qf6 31. Qxb4 Qxb2 32. Bxd6 Re8 33. Be7 Qxa2 34. d6 Qb2 35. h3 Be5 36. h4 Bf4 37. Re1 Rc8 38. hxg5 hxg5 39. g3 Bxg3 40. fxg3 Rc2 41. Qe4 Qxb3 42. Qe3 Qa2 43. Qxg5+ Kh7 44. Qh5+ Kg7 45. Qg4+ Kh7 46. Qe4+ Kg8 47. Qg4+ Kh7 48. Qh5+ Kg7 49. Bf6+ Kxf6 50. Qh6+ Kf5 51. g4+ Kxg4 52. Re4+ Kf5 53. Qf4+ Kg6 54. Qg4+ Kf6 55. Qf4+ Kg6 56. Qg3+ Kf6 57. Qe5+ Kg6 58. Rg4+ 1-0

[Event "10th LCC FIDE Open 2018"]
[Site "London"]
[Date "2018.12.15"]
[Round "8"]
[White "Marzano, Carlo"]
[Black "Price, Gwilym"]
[Result "1-0"]
[ECO "E92"]
[WhiteElo "2222"]
[BlackElo "2075"]
[Annotator "NA"]
[PlyCount "93"]
[EventDate "2018.12.09"]
[EventType "swiss"]
[EventCountry "ENG"]
[SourceTitle "playchess.com"]
[Source "ChessBase"]
[SourceQuality "1"]
[TimeControl "40/5400+30:1800+30"]

1. d4 Nf6 2. c4 g6 3. Nc3 Bg7 4. e4 d6 5. Be2 O-O 6. Nf3 e5 7. d5 a5 8. Bg5 Na6 9. Nd2 h6 10. Be3 Ne8 11. O-O f5 12. f3 f4 13. Bf2 g5 14. a3 Bd7 15. Rb1 h5 16. b4 axb4 17. axb4 Rf6 18. c5 Rg6 19. c6 bxc6 20. dxc6 Be6 21. Bc4 Bxc4 22. Nxc4 g4 23. Kh1 g3 24. Be1 gxh2 25. Kxh2 Bf6 26. Rh1 Bh4 27. Kg1 Qg5 28. Rh2 Bg3 29. Bxg3 Qxg3 30. Qf1 Rb8 31. Nd2 Rxb4 32. Qxa6 Rxb1+ 33. Ncxb1 h4 34. Qe2 Rh6 35. Nc3 Qg5 36. Nd5 Kf8 37. Rh3 Qd8 38. Nf1 Kg7 39. Nh2 Kg6 40. Ng4 Rh5 41. Qf2 Qg5 42. Qa7 Qd8 43. Rh1 Rh7 44. Kf1 Rf7 45. Ke2 Rh7 46. Rb1 h3 47. gxh3 1-0

[Event "10th LCC FIDE Open 2018"]
[Site "London"]
[Date "2018.12.15"]
[Round "8"]
[White "Mihalik, Agoston"]
[Black "Marentini, Marcel"]
[Result "1-0"]
[ECO "C41"]
[WhiteElo "2220"]
[BlackElo "2030"]
[Annotator "NA"]
[PlyCount "59"]
[EventDate "2018.12.09"]
[EventType "swiss"]
[EventCountry "ENG"]
[SourceTitle "playchess.com"]
[Source "ChessBase"]
[SourceQuality "1"]
[TimeControl "40/5400+30:1800+30"]

1. e4 d6 2. d4 Nf6 3. Nc3 e5 4. Nf3 Nbd7 5. Bc4 Be7 6. O-O O-O 7. Re1 a6 8. a4 b6 9. Ba2 Bb7 10. h3 b5 11. Nd5 Nxd5 12. Bxd5 c6 13. Ba2 Bf6 14. c3 h6 15. Be3 bxa4 16. Qxa4 c5 17. dxe5 Nxe5 18. Nxe5 Bxe5 19. f4 Bf6 20. e5 dxe5 21. fxe5 Bxe5 22. Qg4 Qb6 23. Re2 a5 24. Rf2 Ra7 25. Qh5 Bf6 26. Qxc5 Qxc5 27. Bxc5 Ra6 28. Bxf8 Kxf8 29. Bc4 Rc6 30. Bd5 1-0

[Event "10th LCC FIDE Open 2018"]
[Site "London"]
[Date "2018.12.15"]
[Round "8"]
[White "Bukojemski, Adam"]
[Black "Flear, Christine"]
[Result "1-0"]
[ECO "B25"]
[WhiteElo "2218"]
[BlackElo "2055"]
[Annotator "NA"]
[PlyCount "67"]
[EventDate "2018.12.09"]
[EventType "swiss"]
[EventCountry "ENG"]
[SourceTitle "playchess.com"]
[Source "ChessBase"]
[SourceQuality "1"]
[TimeControl "40/5400+30:1800+30"]

1. e4 c5 2. Nf3 g6 3. Nc3 Bg7 4. g3 Nc6 5. Bg2 d6 6. d3 Rb8 7. Nd5 e6 8. Ne3 b5 9. O-O Qb6 10. Nd2 Nge7 11. a4 a6 12. axb5 axb5 13. c3 O-O 14. Qe2 Bd7 15. f4 f5 16. h4 Qc7 17. Nf3 fxe4 18. dxe4 c4 19. Rd1 Na5 20. Rxa5 Qxa5 21. Rxd6 Bc8 22. Bh3 Qa1 23. Ne5 b4 24. cxb4 Rxb4 25. Qc2 Bxe5 26. fxe5 Rb3 27. Kh2 Qa7 28. Ng4 Qc5 29. Bh6 Nf5 30. exf5 exf5 31. Nf6+ Kf7 32. Bf1 Qxe5 33. Qxc4+ Be6 34. Qc7+ 1-0

[Event "10th LCC FIDE Open 2018"]
[Site "London"]
[Date "2018.12.15"]
[Round "8"]
[White "Brooks, Phil J"]
[Black "Thatte, Nishchal"]
[Result "1-0"]
[ECO "D32"]
[WhiteElo "2184"]
[BlackElo "1649"]
[Annotator "NA"]
[PlyCount "71"]
[EventDate "2018.12.09"]
[EventType "swiss"]
[EventCountry "ENG"]
[SourceTitle "playchess.com"]
[Source "ChessBase"]
[SourceQuality "1"]
[TimeControl "40/5400+30:1800+30"]

1. d4 d5 2. c4 e6 3. Nc3 c5 4. cxd5 exd5 5. Nf3 Nc6 6. Bg5 f6 7. Bc1 Bf5 8. e3 Nb4 9. Bb5+ Kf7 10. O-O Nc2 11. e4 Nxa1 12. exf5 Ne7 13. Be3 Nxf5 14. Qxa1 cxd4 15. Nxd4 Nxe3 16. fxe3 Bc5 17. Qd1 Rc8 18. Ba4 Bxd4 19. exd4 Rc7 20. Bb3 Rd7 21. Nxd5 Kf8 22. Qh5 a5 23. Nf4 Qe8 24. Qxe8+ Kxe8 25. Ba4 Kd8 26. Ne6+ Ke7 27. Bxd7 Kxd7 28. Nxg7 Rc8 29. h3 Rc2 30. Rf2 Rc1+ 31. Kh2 Rd1 32. Nf5 Ra1 33. a3 Ra2 34. Rd2 Ke6 35. d5+ Kxf5 36. d6 1-0

[Event "10th LCC FIDE Open 2018"]
[Site "London"]
[Date "2018.12.15"]
[Round "8"]
[White "Lim, Zhuo Ren"]
[Black "Penna, Tommaso"]
[Result "1-0"]
[ECO "D23"]
[WhiteElo "2184"]
[BlackElo "1963"]
[Annotator "NA"]
[PlyCount "113"]
[EventDate "2018.12.09"]
[EventType "swiss"]
[EventCountry "ENG"]
[SourceTitle "playchess.com"]
[Source "ChessBase"]
[SourceQuality "1"]
[TimeControl "40/5400+30:1800+30"]

1. Nf3 d5 2. c4 c6 3. d4 Nf6 4. Qc2 dxc4 5. Qxc4 Bf5 6. g3 e6 7. Bg2 Be7 8. O-O O-O 9. e3 Nbd7 10. Nc3 h6 11. Qe2 Bh7 12. e4 Bb4 13. Ne5 Nxe5 14. dxe5 Nd7 15. Rd1 Qc7 16. f4 Rad8 17. Be3 Nb6 18. Rac1 Rxd1+ 19. Rxd1 Rd8 20. Rd3 Rxd3 21. Qxd3 Nd5 22. Bd2 Nxc3 23. bxc3 Bc5+ 24. Kf1 b5 25. Be3 Bxe3 26. Qxe3 Qd7 27. Ke2 Kf8 28. Qc5+ Ke8 29. Qd6 f6 30. Qb8+ Kf7 31. Bf3 fxe5 32. Qxe5 Qe7 33. h4 c5 34. h5 b4 35. cxb4 cxb4 36. Ke3 Qb7 37. Bd1 Qc6 38. Bb3 Qc3+ 39. Qxc3 bxc3 40. Kd4 Kf6 41. e5+ Ke7 42. Kxc3 Bf5 43. Bd1 Kd7 44. Kd4 Kc6 45. Be2 Bh3 46. g4 Kb6 47. Bf3 Bf1 48. f5 exf5 49. gxf5 Bb5 50. f6 gxf6 51. exf6 Be8 52. Kd5 Bf7+ 53. Kd6 Kb5 54. Bd1 Bxa2 55. Ke7 Kc6 56. Bg4 Bg8 57. Be6 {[%emt 0:00:00] Kd5 [%emt 00:00:18]} 1-0

[Event "10th LCC FIDE Open 2018"]
[Site "London"]
[Date "2018.12.15"]
[Round "8"]
[White "Keetman, Maaike"]
[Black "Derakhshani, Borna"]
[Result "0-1"]
[ECO "B15"]
[WhiteElo "2173"]
[BlackElo "2325"]
[Annotator "NA"]
[PlyCount "112"]
[EventDate "2018.12.09"]
[EventType "swiss"]
[EventCountry "ENG"]
[SourceTitle "playchess.com"]
[Source "ChessBase"]
[SourceQuality "1"]
[TimeControl "40/5400+30:1800+30"]

1. e4 c6 2. d4 d5 3. Nd2 g6 4. h3 Bg7 5. Ngf3 Nd7 6. c3 dxe4 7. Nxe4 Ngf6 8. Nxf6+ Nxf6 9. Bd3 O-O 10. O-O Qc7 11. Re1 b6 12. Ne5 Bb7 13. Bf4 Qc8 14. Qb3 Nd5 15. Bg3 a5 16. c4 Nb4 17. Be4 c5 18. Bxb7 Qxb7 19. a3 a4 20. Qd1 Nc6 21. Qf3 Bxe5 22. Bxe5 f6 23. Bf4 cxd4 24. Re6 Nd8 25. Qxb7 Nxb7 26. Rxe7 Na5 27. Rd1 Rac8 28. Bc7 Rf7 29. Rxf7 Kxf7 30. Bxb6 Nxc4 31. Ba7 Nxb2 32. Rxd4 Rc3 33. Rb4 Rb3 34. Bd4 Rxb4 35. axb4 a3 36. b5 Ke6 37. b6 Kd7 38. Kf1 f5 39. Ke2 Kc6 40. Kd2 Nc4+ 41. Kc3 Nxb6 42. Kb3 Nd5 43. Be5 Kc5 44. Kxa3 Kc4 45. Ka4 Nb4 46. Bc7 Nd3 47. f4 Kd4 48. Kb5 Ke4 49. g3 Kf3 50. Kc4 Nf2 51. Kd5 Nxh3 52. Ke6 Kxg3 53. Kf6 Kg4 54. Kg7 Nxf4 55. Kxh7 g5 56. Kh6 Nh3 0-1

[Event "10th LCC FIDE Open 2018"]
[Site "London"]
[Date "2018.12.15"]
[Round "8"]
[White "Eames, Robert S"]
[Black "Kueppers, Timo"]
[Result "0-1"]
[ECO "B94"]
[WhiteElo "2167"]
[BlackElo "2320"]
[Annotator "NA"]
[PlyCount "82"]
[EventDate "2018.12.09"]
[EventType "swiss"]
[EventCountry "ENG"]
[SourceTitle "playchess.com"]
[Source "ChessBase"]
[SourceQuality "1"]
[TimeControl "40/5400+30:1800+30"]

1. e4 c5 2. Nf3 d6 3. d4 cxd4 4. Nxd4 Nf6 5. Nc3 a6 6. Bg5 Nbd7 7. Qe2 h6 8. Bh4 g6 9. O-O-O e5 10. Nb3 Be7 11. f3 b5 12. Bf2 Bb7 13. a3 Kf8 14. Kb1 Kg7 15. g4 Rc8 16. Qe3 Qc7 17. h4 d5 18. exd5 b4 19. axb4 Bxb4 20. d6 Qc6 21. Rh3 Bxc3 22. Qxc3 Qxc3 23. bxc3 Rxc3 24. Bd3 Rc6 25. Be2 Rc3 26. Bd3 Nd5 27. Be1 Rc6 28. Be4 Rxd6 29. c4 Nc3+ 30. Bxc3 Bxe4+ 31. Kc1 Rxd1+ 32. Kxd1 Bd3 33. Nd2 Rc8 34. f4 Bxc4 35. Nxc4 Rxc4 36. fxe5 Kf8 37. g5 h5 38. Bb2 Ke7 39. Ra3 Rc6 40. Ra5 Ke6 41. Kd2 Nb6 0-1

[Event "10th LCC FIDE Open 2018"]
[Site "London"]
[Date "2018.12.15"]
[Round "8"]
[White "Beckett, Chris J"]
[Black "Lewtak, Damian"]
[Result "0-1"]
[ECO "A42"]
[WhiteElo "2165"]
[BlackElo "2393"]
[Annotator "NA"]
[PlyCount "70"]
[EventDate "2018.12.09"]
[EventType "swiss"]
[EventCountry "ENG"]
[SourceTitle "playchess.com"]
[Source "ChessBase"]
[SourceQuality "1"]
[TimeControl "40/5400+30:1800+30"]

1. d4 g6 2. c4 Bg7 3. Nc3 d6 4. e4 e5 5. Nf3 Bg4 6. d5 a5 7. Bd3 Na6 8. O-O Ne7 9. h3 Bd7 10. a3 O-O 11. Rb1 f5 12. b4 f4 13. Ne1 g5 14. Be2 Kh8 15. Nd3 Ng8 16. Bd2 axb4 17. axb4 Nf6 18. Be1 Qe8 19. f3 b6 20. Ra1 Qg6 21. Ra3 g4 22. hxg4 h5 23. Qa1 hxg4 24. fxg4 Nxe4 25. Rxa6 Rxa6 26. Qxa6 Ng5 27. Qa3 Bf6 28. Nf2 e4 29. Ncxe4 Nxe4 30. Bd3 Bd4 31. Bc3 Bxc3 32. Bxe4 Qg7 33. Rc1 Bd4 34. Qh3+ Kg8 35. Bf3 Bxf2+ 0-1

[Event "10th LCC FIDE Open 2018"]
[Site "London"]
[Date "2018.12.15"]
[Round "8"]
[White "Czopor, Maciej"]
[Black "Barrish, Daniel"]
[Result "1-0"]
[ECO "B41"]
[WhiteElo "2164"]
[BlackElo "2252"]
[Annotator "NA"]
[PlyCount "63"]
[EventDate "2018.12.09"]
[EventType "swiss"]
[EventCountry "ENG"]
[SourceTitle "playchess.com"]
[Source "ChessBase"]
[SourceQuality "1"]
[TimeControl "40/5400+30:1800+30"]

1. e4 c5 2. Nf3 e6 3. d4 cxd4 4. Nxd4 a6 5. c4 Nf6 6. Nc3 Qc7 7. Be2 Bb4 8. Nc2 Bxc3+ 9. bxc3 Nxe4 10. Qd4 Nf6 11. Bf4 Qa5 12. Bd6 Nc6 13. Qd3 Qg5 14. O-O Qg6 15. Qd1 Ng8 16. Bf3 Nge7 17. Ne3 Nf5 18. Nxf5 Qxf5 19. Re1 f6 20. Re3 Kf7 21. c5 g6 22. h4 h5 23. c4 e5 24. Be4 Qg4 25. Qd5+ Qe6 26. Qd3 Ne7 27. Bxe7 Kxe7 28. Rb1 d6 29. Rb6 Rd8 30. cxd6+ Rxd6 31. Qa3 Bd7 32. Bd5 1-0